 Dungeon Crawl Stone Soup version 0.31.0-32-g396128a36d (webtiles) character file.

Game seed: 16783017398934117137

944 PaiMei the Purveyor of Pain (level 7, 0/54 HPs)
             Began as a Demonspawn Necromancer on Apr 17, 2024.
             Was an Initiate of Kikubaaqudgha.
             Splashed by a jelly's acid (9 damage)
             ... on level 5 of the Dungeon.
             The game lasted 00:05:13 (4392 turns).

PaiMei the Purveyor of Pain (DsNe)                  Turns: 4392, Time: 00:05:14

Health: 0/54       AC: -3    Str:  8    XL:     7   Next: 88%
Magic:  1/13       EV: 13    Int: 19    God:    Kikubaaqudgha [......]
Gold:   108        SH:  4    Dex: 14    Spells: 11/15 levels left

rFire   . . .        y - +1 short sword (venom)
rCold   . . .        e - +0 buckler
rNeg    . . .        a - +0 robe
rPois   .            (no helmet)
rElec   .            n - +0 cloak
rCorr   .            x - +1 Delatra's gloves {ID++}
SInv    +            (no boots)
Will    +....        i - amulet of magic regeneration
Stlth   ++           s - ring of see invisible
HPRegen 0.29/turn    v - ring of willpower
MPRegen 0.53/turn

%: no passive effects
@: lethally poisoned (0 -> -1), corroded
A: big brain 1, demonic magic 1, demonic touch 2
a: Renounce Religion


You were on level 5 of the Dungeon.
You worshipped Kikubaaqudgha.
Kikubaaqudgha was noncommittal.
You visited 1 branch of the dungeon, and saw 5 of its levels.

You collected 108 gold pieces.

Inventory:

Hand Weapons
 r - a +2 falchion of protection
 y - a +1 short sword of venom (weapon)
Missiles
 k - 3 poisoned darts (quivered)
Armour
 a - a +0 robe (worn)
 e - a +0 buckler (worn)
 n - a +0 cloak (worn)
 x - the +1 Delatra's gloves (worn) {ID++}
   (You found it on level 4 of the Dungeon)

   ID++:      It heals its wearer when they drink unknown potions, and restores
   their MP when they read unknown scrolls.
Jewellery
 i - an amulet of magic regeneration (around neck)
 l - a ring of fire
 s - a ring of see invisible (left hand)
 v - a ring of willpower (right hand)
Scrolls
 d - 4 scrolls of identify {unknown}
 g - 2 scrolls of summoning {unknown}
 h - a scroll of fear {unknown}
 q - a scroll of revelation {unknown}
 t - a scroll of enchant armour {unknown}
Potions
 b - 2 potions of magic
 f - a potion of cancellation {unknown}
 j - 3 potions of mutation {unknown}
 m - 2 potions of enlightenment {unknown}
 o - a potion of degeneration {unknown}
 p - a potion of brilliance {unknown}
 u - 3 potions of heal wounds {unknown}
 w - a potion of invisibility {unknown}


   Skills:
 + Level 4.1 Fighting
 + Level 4.4 Dodging
 - Level 2.1 Stealth
 + Level 4.5 Spellcasting
 + Level 6.6 Necromancy


You had 11 spell levels left.
You knew the following spells:

 Your Spells              Type           Power      Damage    Failure   Level
a - Necrotise             Necr           100%       1d9       1%          1
b - Vampiric Draining     Necr           29%        2d8       4%          3

Your spell library contained the following spells:

 Spells                   Type           Power      Damage    Failure   Level
 Animate Dead             Necr           29%        N/A       14%         4
 Curse of Agony           Necr           29%        N/A       36%         5


Dungeon Overview and Level Annotations

Branches:
Dungeon (5/15)
 Temple: D:4-7

Altars:
Kikubaaqudgha

Annotations:
D:3 Grinder


Innate Abilities, Weirdness & Mutations

You have an unusually large brain. (Int +2)
Spells you cast may paralyse adjacent enemies.
Your touch may inflict irresistible damage on your foes.


Message History

You feel sick. The jelly hits you but does no damage.
Casting: Vampiric Draining (dangerous; 4% risk of failure)
Confirm with . or Enter, or press ? or * to list all spells.
You don't have enough magic to cast this spell.
The helpless killer bee fails to defend itself.
You hit the killer bee.
The killer bee looks as sick as possible!
The killer bee is almost dead.
You feel sick.
You kill the killer bee!
Kikubaaqudgha accepts your kill. The jelly hits you. The acid corrodes you!
You are splashed with acid!
Casting: Vampiric Draining (dangerous; 4% risk of failure)
Confirm with . or Enter, or press ? or * to list all spells.
You don't have enough magic to cast this spell.
Casting: Vampiric Draining (dangerous; 4% risk of failure)
Confirm with . or Enter, or press ? or * to list all spells.
Aiming: Necrotise (safe; 1% risk of failure)
Press: ? - help, Shift-Dir - straight line, f - jelly
Aim: a jelly (chance to affect: 88%)
The jelly writhes in agony!
Malevolent energies surge around you.
You feel sick. The jelly closely misses you.
Casting: Necrotise (safe; 1% risk of failure)
Confirm with . or Enter, or press ? or * to list all spells.
Aiming: Necrotise (safe; 1% risk of failure)
Press: ? - help, Shift-Dir - straight line, f/p - jelly
Aim: a jelly (heavily wounded, chance to affect: 88%)
The jelly barely resists.
Malevolent energies surge around you.
You feel sick. You block the jelly's attack.
Casting: Necrotise (safe; 1% risk of failure)
Confirm with . or Enter, or press ? or * to list all spells.
You don't have enough magic to cast this spell.
You hit the jelly.
Your hands burn!
* * * LOW HITPOINT WARNING * * *
The jelly is almost dead.
You feel sick. The jelly hits you.
* * * LOW HITPOINT WARNING * * *
The acid corrodes you!
You are splashed with acid!
You die...
Kikubaaqudgha rasps: "You have failed me!
Welcome... death!"

....#......#..(. ...
#...............
..##..#.......#.....
##............###....
.###..............##....
..................#.....
........................
#.##..†J......#.##.#####
.......@......#....###
..##..#..............#
#.. ###..........### ...
##.....##### .#. #.....#
# #....### ###.##..#
##.......# #.....#..#


You could see a jelly.

Vanquished Creatures
  An orc warrior (D:4)
  An ice beast (D:4)
  3 scorpions
  4 killer bees (D:5)
  A bombardier beetle (D:5)
  A sleepcap (D:4)
  Jessica (D:2)
  3 iguanas (D:4)
  3 orc wizards (D:4)
  6 adders
  A ribbon worm (D:3)
  A dart slug (D:2)
  17 orcs (D:4)
  A ball python (D:3)
  3 bats
  8 endoplasms
  5 giant cockroaches
  6 goblins
  3 hobgoblins
  7 jackals (D:3)
  6 kobolds
  4 quokkas
  A frilled lizard (D:2)
  3 rats (D:1)
90 creatures vanquished.

Vanquished Creatures (collateral kills)
  An adder (D:3)
  3 orcs (D:4)
  A goblin (D:2)
5 creatures vanquished.

Grand Total: 95 creatures vanquished

Notes
Turn   | Place    | Note
-------+----------+-------------------------------------------
     0 | D:1      | PaiMei the Demonspawn Necromancer began the quest for the
                  | Orb.
     0 | D:1      | Reached XP level 1. HP: 13/13 MP: 3/3
   272 | D:1      | Gained mutation: You have an unusually large brain. (Int
                  | +2) [demonic ancestry]
   272 | D:1      | Reached XP level 2. HP: 17/19 MP: 0/5
  1103 | D:2      | Gained mutation: Your touch may inflict minor irresistible
                  | damage on your foes. [demonic ancestry]
  1103 | D:2      | Reached XP level 3. HP: 25/25 MP: 4/6
  1322 | D:2      | Noticed Jessica
  1326 | D:2      | Killed Jessica
  1327 | D:2      | Reached skill level 1 in Fighting
  1838 | D:3      | Gained mutation: Spells you cast may paralyse adjacent
                  | enemies. [demonic ancestry]
  1838 | D:3      | Reached XP level 4. HP: 32/32 MP: 5/7
  2008 | D:3      | Noticed a scorpion
  2018 | D:3      | Killed a scorpion
  2019 | D:3      | Reached skill level 5 in Necromancy
  2019 | D:3      | Reached XP level 5. HP: 33/38 MP: 3/9
  2479 | D:3      | Noticed Grinder
  3076 | D:4      | Learned a level 3 spell: Vampiric Draining
  3210 | D:4      | Gained mutation: Your touch may inflict irresistible damage
                  | on your foes. [demonic ancestry]
  3210 | D:4      | Reached XP level 6. HP: 46/46 MP: 4/11
  3325 | D:4      | Found an ancient bone altar of Kikubaaqudgha.
  3375 | D:4      | Became a worshipper of Kikubaaqudgha
  3602 | D:4      | Noticed an orc warrior
  3721 | D:4      | Noticed an ice beast
  3729 | D:4      | Killed an ice beast
  3730 | D:4      | Reached skill level 6 in Necromancy
  3730 | D:4      | Reached XP level 7. HP: 42/52 MP: 2/12
  4172 | D:4      | Found the +1 Delatra's gloves {ID++}
  4323 | D:5      | Entered Level 5 of the Dungeon
  4392 | D:5      | Splashed by a jelly's acid

Illustrated notes

Levels and vault maps discovered:
D:1:      scummos_arrival_hexagon, layout_basic
D:2:      layout_loops_ring, hangedman_decor_push, kennysheep_boxes,
          uniq_jessica
D:3:      layout_rooms, uniq_grinder
D:4:      layout_loops_corners, nicolae_kikubaaqudgha_miasma_corner,
          pf_guarded_unrand_delatra
D:5:      layout_cave_pools, uniq_prince_ribbit1, uniq_menkaure

Skill      XL: |  1  2  3  4  5  6  7 |
---------------+----------------------+-----
Dodging        | 2 3 4 |  4.4
Stealth        | 2 |  2.1
Fighting       | 1 2 3 4 |  4.1
Necromancy     | 5 6 |  6.6
Spellcasting   | 3 4 |  4.5

Action                     |  1- 3 |  4- 6 |  7- 9 || total
---------------------------+-------+-------+-------++-------
  Melee: Short sword       |    11 |    33 |    17 ||    61
         Unarmed           |     4 |       |       ||     4
   Cast: Necrotise         |    46 |    93 |    33 ||   172
         Vampiric Draining |       |     5 |    13 ||    18
   Stab: Paralysed         |       |     6 |     5 ||    11
 Armour: Robe              |    13 |    26 |    26 ||    65
  Dodge: Dodged            |    15 |    20 |    18 ||    53
  Block: Buckler           |       |    12 |     9 ||    21
